 Dungeon Crawl Stone Soup version 0.30-a0-347-gf58ed5266c (webtiles) character file.

Game seed: 13578700449626099829

18176 themarg the Martial Artist (level 12, -6/92 HPs)
             Began as a Gnoll Transmuter on Nov 6, 2022.
             Was a High Priest of Lugonu.
             Mangled by a komodo dragon (26 damage)
             ... on level 1 of the Lair of Beasts.
             The game lasted 00:57:32 (14362 turns).

themarg the Martial Artist (Gnoll Transmuter)      Turns: 14362, Time: 00:57:32

Health: -6/92      AC:  2    Str: 16    XL:     12   Next: 55%
Magic:  5/25       EV: 26    Int: 17    God:    Lugonu [*****.]
Gold:   277        SH:  5    Dex: 18    Spells: 5/29 levels left

rFire   . . .      SeeInvis +      - Unarmed
rCold   . . .      Faith    .    (shield currently unavailable)
rNeg    . . .      Spirit   .    (body armour currently unavailable)
rPois   x          Reflect  +    (helmet currently unavailable)
rElec   .          Harm     .    (cloak currently unavailable)
rCorr   .          Rampage  .    (gloves currently unavailable)
Will    .....                    (boots currently unavailable)
Stlth   ++++......               c - amulet of reflection
HPRegen 0.35/turn                n - +6 ring of strength
MPRegen 0.19/turn                E - ring of see invisible

@: spider-form, very slightly contaminated
A: venomous fangs, tiny, (fangs 1), strong nose, distributed training
a: End Transformation, Renounce Religion, Depart the Abyss, Banish, Corrupt,
Enter the Abyss


You were on level 1 of the Lair of Beasts.
You worshipped Lugonu.
Lugonu was extremely pleased with you.
You were a venomous arachnid creature.
You visited 2 branches of the dungeon, and saw 14 of its levels.

You collected 681 gold pieces.
You spent 404 gold pieces at shops.

Inventory:

Hand Weapons
 F - a +5 mace of draining (melded)
Missiles
 h - 3 datura-tipped darts
 i - 4 throwing nets
 k - 5 stones
 z - 41 poisoned darts
 T - 8 curare-tipped darts
 Y - 4 atropa-tipped darts
Armour
 a - a +0 robe (melded)
 q - the +1 leather armour of the Gate {rElec Will+ SInv}
   (You found it on level 4 of the Dungeon)

   rElec:     It insulates you from electricity.
   SInv:      It lets you see invisible.
   Will:      It increases your willpower.
 v - a +0 pair of boots (melded)
 x - a +0 cloak (melded)
 C - a +2 pair of gloves (melded)
 Q - +0 acid dragon scales
Jewellery
 c - an amulet of reflection (around neck)
 l - a ring of ice
 n - a +6 ring of strength (left front leg)
 o - a ring of fire
 A - an amulet of guardian spirit
 E - a ring of see invisible (right front leg)
 L - a ring of protection from cold
 S - an amulet of magic regeneration
Wands
 j - a wand of digging (4)
 I - a wand of polymorph (5)
 O - a wand of flame (8)
 V - a wand of iceblast (7)
Scrolls
 d - 2 scrolls of torment
 e - 3 scrolls of teleportation
 m - 3 scrolls of magic mapping
 t - a scroll of vulnerability
 w - a scroll of immolation {unknown}
 y - a scroll of poison {unknown}
 B - 2 scrolls of enchant weapon
 G - a scroll of silence
 M - a scroll of amnesia
 N - a scroll of fog
 U - a scroll of acquirement {unknown}
 W - a scroll of noise {unknown}
 X - a scroll of blinking {unknown}
 Z - a scroll of brand weapon {unknown}
Potions
 b - 5 potions of lignification
 f - 10 potions of curing
 g - 6 potions of ambrosia
 p - 2 potions of magic
 r - a potion of resistance {unknown}
 s - 3 potions of degeneration
 u - 2 potions of mutation
 D - 3 potions of attraction
 H - 2 potions of haste {unknown}
 J - 2 potions of brilliance {unknown}
 K - 3 potions of cancellation
 P - 2 potions of flight {unknown}


   Skills:
 + Level 8.1 Fighting
 + Level 7.7 Short Blades
 + Level 7.7 Long Blades
 + Level 7.7 Axes
 + Level 7.7 Maces & Flails
 + Level 7.7 Polearms
 + Level 7.7 Staves
 + Level 7.7 Ranged Weapons
 + Level 7.7 Throwing
 + Level 7.7 Armour
 + Level 9.0 Dodging
 + Level 7.7 Stealth
 + Level 7.7 Shields
 + Level 10.1 Unarmed Combat
 + Level 9.2 Spellcasting
 + Level 6.3 Conjurations
 + Level 6.3 Hexes
 + Level 6.3 Summonings
 + Level 6.3 Necromancy
 + Level 6.3 Translocations
 + Level 7.5 Transmutations
 + Level 6.3 Fire Magic
 + Level 6.3 Ice Magic
 + Level 6.3 Air Magic
 + Level 6.3 Earth Magic
 + Level 6.3 Poison Magic
 + Level 8.4 Invocations
 + Level 7.7 Evocations


You had 5 spell levels left.
You knew the following spells:

 Your Spells              Type           Power      Damage    Failure   Level
a - Ice Form              Ice/Tmut       31%        N/A       16%         4
b - Wereblood             Tmut           33%        N/A       4%          2
c - Spider Form           Tmut/Pois      31%        N/A       7%          3
d - Vhi's Electric Charg  Tloc/Air       58%        N/A       8%          3
e - Airstrike             Air            14%        2d(3-19)  19%         4
f - Summon Lightning Spi  Summ/Air       29%        N/A       19%         4
g - Flame Wave            Conj/Fire      29%        2d9       19%         4

Your spell library contained the following spells:

 Spells                   Type           Power      Damage    Failure   Level
 Beastly Appendage        Tmut           66%        N/A       3%          1
 Ensorcelled Hibernation  Hex/Ice        58%        N/A       5%          2
 Inner Flame              Hex/Fire       29%        N/A       8%          3
 Summon Guardian Golem    Hex/Summ       29%        N/A       8%          3
 Anguish                  Hex/Necr       14%        N/A       19%         4
 Sticky Flame             Conj/Fire      29%        2d5       19%         4
 Arcjolt                  Conj/Air       14%        1d24      38%         5
 Lightning Bolt           Conj/Air       14%        1d28      38%         5
 Orb of Destruction       Conj           14%        9d7       100%        7
 Spellforged Servitor     Conj/Summ      14%        N/A       100%        7
 Maxwell's Capacitive Co  Air            14%        ∞         100%        8


Dungeon Overview and Level Annotations

Branches:
Dungeon (12/15)            Temple (0/1) D:6            Lair (2/5) D:11
 Spider (0/4) Lair:2          Orc (0/2) D:10
  Swamp: Lair:2-3    Shoals: Lair:2-3

Altars:
Ashenzari
Cheibriados
Elyvilon
Hepliaklqana
Makhleb
Nemelex Xobeh
Uskayaw
Zin
The Shining One
Lugonu

Shops:
D:5 *   D:9 ?=:*!

Portals:
Abyss: D:9

Annotations:
D:6 exclusion: ice beast, Blork the orc
D:9 2 runed translucent doors


Innate Abilities, Weirdness & Mutations

You are a venomous arachnid creature.
You have poisonous fangs.
You are tiny and dextrous.
Your spellcasting is less reliable in this form.
Your armour is entirely melded.
You are incapable of wielding weapons or throwing items.
((You have very sharp teeth.))
Your uncanny sense of smell can sniff out nearby items.
Your experience applies equally to all skills.


Message History

Lugonu accepts your kill.
You bite the komodo dragon!
The komodo dragon looks as sick as possible!
The komodo dragon is moderately wounded.
The komodo dragon completely misses you.
You hit the komodo dragon but do no damage.
The komodo dragon is moderately wounded.
Your transformation has ended.
Your +5 mace of draining unmelds from your body.
Your +0 cloak unmelds from your body.
Your +2 pair of gloves unmelds from your body.
Your +0 pair of boots unmelds from your body.
Your +0 robe unmelds from your body.
You sense an unholy aura.
The komodo dragon bites you!!
Casting: Summon Lightning Spire (dangerous; 7% risk of failure)
Confirm with . or Enter, or press ? or * to list all spells.
You miscast Summon Lightning Spire.
You are very lightly contaminated with residual magic.
Distant voices call out in your mind.
A nameless horror comes into view.
The komodo dragon bites you!!
Casting: Summon Lightning Spire (dangerous; 7% risk of failure)
Confirm with . or Enter, or press ? or * to list all spells.
An electric hum fills the air.
You block the komodo dragon's attack.
Send 'em back where they came from!
Your lightning spire shudders.
You hit the nameless horror.
The nameless horror is heavily damaged.
The komodo dragon bites you!!
* * * LOW HITPOINT WARNING * * *
The nameless horror barely misses you.
Casting: Summon Lightning Spire (dangerous; 7% risk of failure)
Confirm with . or Enter, or press ? or * to list all spells.
You turn into a venomous arachnid creature.
Your +5 mace of draining melds into your body.
Your +0 cloak melds into your body.
Your +2 pair of gloves melds into your body.
Your +0 pair of boots melds into your body.
Your +0 robe melds into your body.
The komodo dragon bites you!!
You die...

###########.##.
#....YlsX8..=..
..
##....####.#...
..# .# #....##
..# .# ##...#
..# ##.# #....#
..###..# ##...##
.......# #..=.#
∆
.......####.†.##
.........##...#
##


You could see a nameless horror (ally target), a komodo dragon (very poisoned),
a yak and a friendly lightning spire (summoned).

Vanquished Creatures
  Josephine (D:11)
  Harold (D:11)
  A boulder beetle (D:12)
  3 two-headed ogres
  Pikel (D:5)
  A cyclops (D:12)
  A cane toad (Lair:1)
  Maggie (D:7)
  3 unseen horrors
  2 kobold demonologists
  A tengu conjurer (D:10)
  3 hornets
  2 shadows
  Sigmund (D:4)
  3 wyverns
  7 wraiths
  17 yaks
  A basilisk (Lair:1)
  2 steam dragons
  Edmund (D:6)
  Menkaure (D:7)
  An acid dragon (D:9)
  Duvessa (D:6)
  3 water moccasins
  2 ice beasts (D:7)
  7 orc warriors
  A black bear (D:7)
  2 sky beasts
  An ogre (D:4)
  2 centaurs
  A lemure (D:5)
  3 kobold brigands
  2 phantoms (D:6)
  2 bullfrogs
  A necrophage (D:5)
  4 scorpions
  A gnoll sergeant (D:9)
  5 wights (D:9)
  5 killer bees (D:9)
  Dowan (D:6)
  8 howler monkeys
  4 jellies
  5 orc priests
  4 hounds
  5 iguanas
  3 iron imps (D:3)
  Crazy Yiuf (D:3)
  6 orc wizards
  4 gnolls (D:5)
  7 adders
  A worm (D:4)
  3 dart slugs
  34 orcs
  10 ball pythons
  4 bats
  5 endoplasms
  5 giant cockroaches
  2 hobgoblins
  2 jackals (D:3)
  3 quokkas
  4 frilled lizards
  6 goblins
  21 kobolds
  6 rats
252 creatures vanquished.

Vanquished Creatures (collateral kills)
  Sonja (D:12)
  A wraith (D:11)
  2 yaks (Lair:1)
  An acid dragon (D:11)
  A howler monkey (D:12)
6 creatures vanquished.

Vanquished Creatures (others)
  A shadow (D:9)
  3 fungi (Lair:1)
  10 plants (Lair:1)
14 creatures vanquished.

Grand Total: 272 creatures vanquished

Notes
Turn   | Place    | Note
-------+----------+-------------------------------------------
     0 | D:1      | themarg the Gnoll Transmuter began the quest for the Orb.
     0 | D:1      | Reached XP level 1. HP: 17/17 MP: 6/6
   149 | D:1      | Reached XP level 2. HP: 23/23 MP: 5/7
   152 | D:1      | Learned a level 2 spell: Wereblood
   539 | D:1      | Found a faded altar of an unknown god.
   541 | D:1      | Prayed at the altar of an unknown god.
   541 | D:1      | Became a worshipper of Lugonu the Unformed
   541 | D:1      | Reached * piety under Lugonu
   541 | D:1      | Reached ** piety under Lugonu
  1098 | D:2      | Reached skill level 5 in Spellcasting
  1098 | D:2      | Reached XP level 3. HP: 20/28 MP: 7/9
  1132 | D:1      | Learned a level 3 spell: Spider Form
  1164 | D:2      | Reached skill level 1 in Invocations
  1311 | D:2      | Reached skill level 1 in Short Blades
  1311 | D:2      | Reached skill level 1 in Long Blades
  1311 | D:2      | Reached skill level 1 in Axes
  1311 | D:2      | Reached skill level 1 in Maces & Flails
  1311 | D:2      | Reached skill level 1 in Polearms
  1311 | D:2      | Reached skill level 1 in Staves
  1311 | D:2      | Reached skill level 1 in Ranged Weapons
  1311 | D:2      | Reached skill level 1 in Throwing
  1311 | D:2      | Reached skill level 1 in Armour
  1311 | D:2      | Reached skill level 1 in Stealth
  1311 | D:2      | Reached skill level 1 in Shields
  1311 | D:2      | Reached skill level 1 in Evocations
  1738 | D:3      | Reached XP level 4. HP: 34/34 MP: 9/11
  1821 | D:3      | Reached *** piety under Lugonu
  1857 | D:3      | Reached skill level 1 in Conjurations
  1857 | D:3      | Reached skill level 1 in Hexes
  1857 | D:3      | Reached skill level 1 in Summonings
  1857 | D:3      | Reached skill level 1 in Necromancy
  1857 | D:3      | Reached skill level 1 in Translocations
  1857 | D:3      | Reached skill level 1 in Fire Magic
  1857 | D:3      | Reached skill level 1 in Ice Magic
  1857 | D:3      | Reached skill level 1 in Air Magic
  1857 | D:3      | Reached skill level 1 in Earth Magic
  1857 | D:3      | Reached skill level 1 in Poison Magic
  2031 | D:3      | Reached XP level 5. HP: 26/40 MP: 9/12
  2157 | D:3      | Found a hazy altar of Hepliaklqana.
  2238 | D:3      | Found a runed translucent door.
  2239 | D:3      | Noticed Crazy Yiuf
  2313 | D:3      | Found a burning altar of Makhleb.
  2340 | D:3      | Reached XP level 6. HP: 30/47 MP: 7/14
  2510 | D:3      | Killed Crazy Yiuf
  2511 | D:3      | Reached skill level 5 in Dodging
  2636 | D:4      | Found a snail-covered altar of Cheibriados.
  2682 | D:4      | Noticed Sigmund
  2697 | D:4      | Killed Sigmund
  2801 | D:4      | Identified the +0 pair of boots of the Secret Nights
                  | {*Corrode rC+ Dex+2}
  2850 | D:4      | Identified the +1 leather armour of the Gate {rElec Will+
                  | SInv}
  3037 | D:4      | Reached XP level 7. HP: 52/52 MP: 9/15
  3110 | D:4      | Reached skill level 7 in Unarmed Combat
  3133 | D:4      | Found a broken altar of Ashenzari.
  3409 | D:4      | Reached **** piety under Lugonu
  3762 | D:5      | Entered Level 5 of the Dungeon
  3895 | D:5      | Noticed Pikel
  3911 | D:5      | Killed Pikel
  3912 | D:5      | Reached XP level 8. HP: 21/60 MP: 12/17
  4044 | D:5      | Found Reedum's Gadget Gallery.
  4767 | D:6      | Found a staircase to the Ecumenical Temple.
  5015 | D:6      | Reached skill level 5 in Transmutations
  5030 | D:6      | Reached XP level 9. HP: 55/66 MP: 14/18
  5249 | D:6      | Noticed Edmund
  5263 | D:6      | Noticed Duvessa
  5300 | D:6      | Killed Edmund
  5301 | D:6      | Reached skill level 5 in Fighting
  5442 | D:6      | Found a glowing golden altar of the Shining One.
  5484 | D:6      | Noticed Blork the orc
  5559 | D:6      | Noticed Dowan
  5649 | D:6      | Killed Duvessa
  5716 | D:6      | Killed Dowan
  5847 | D:6      | Reached skill level 8 in Unarmed Combat
  5942 | D:6      | Found a white marble altar of Elyvilon.
  6072 | D:6      | Found a glowing silver altar of Zin.
  6437 | D:7      | Noticed a hornet
  6463 | D:7      | Noticed Menkaure
  6468 | D:7      | Killed Menkaure
  6506 | D:7      | Noticed a hornet
  6514 | D:7      | Killed a hornet
  6515 | D:7      | Reached skill level 5 in Invocations
  6590 | D:7      | Learned a level 3 spell: Vhi's Electric Charge
  6626 | D:7      | Noticed Maggie
  6640 | D:7      | Killed Maggie
  6938 | D:7      | Reached skill level 5 in Short Blades
  6938 | D:7      | Reached skill level 5 in Long Blades
  6938 | D:7      | Reached skill level 5 in Axes
  6938 | D:7      | Reached skill level 5 in Maces & Flails
  6938 | D:7      | Reached skill level 5 in Polearms
  6938 | D:7      | Reached skill level 5 in Staves
  6938 | D:7      | Reached skill level 5 in Ranged Weapons
  6938 | D:7      | Reached skill level 5 in Throwing
  6938 | D:7      | Reached skill level 5 in Armour
  6938 | D:7      | Reached skill level 5 in Stealth
  6938 | D:7      | Reached skill level 5 in Shields
  6938 | D:7      | Reached skill level 5 in Evocations
  6938 | D:7      | Reached XP level 10. HP: 76/76 MP: 17/20
  7842 | D:8      | You fall into a shaft and drop 2 floors!
  7842 | D:10     | Entered Level 10 of the Dungeon
  7855 | D:9      | Found Reifu's Jewellery Shoppe.
  7878 | D:9      | Found Hirryudo's Magic Scroll Boutique.
  7881 | D:9      | Bought a scroll of fog for 52 gold pieces
  7881 | D:9      | Bought a scroll of fear for 52 gold pieces
  7881 | D:9      | Bought a scroll of teleportation for 39 gold pieces
  7881 | D:9      | Bought a scroll of magic mapping for 97 gold pieces
  7890 | D:9      | Found a sparkling altar of Nemelex Xobeh.
  7905 | D:9      | Found Daickon's Book Shoppe.
  7908 | D:9      | Found Aruxoxuyn's Distillery.
  7916 | D:9      | Bought a potion of magic for 104 gold pieces
  8427 | D:9      | Found a hide-covered altar of Uskayaw.
  8567 | D:9      | Found a one-way gate to the infinite horrors of the Abyss.
  8567 | D:9      | Identified the +1 robe of the Barnacle {Fly rF++ Str+4
                  | Dex-4}
  8567 | D:9      | Noticed a kobold demonologist
  8607 | D:9      | Noticed a two-headed ogre
  8620 | D:9      | Killed a two-headed ogre
  8893 | D:9      | Reached skill level 9 in Unarmed Combat
  8931 | D:9      | Found a large runed translucent door.
  8931 | D:9      | Found a large runed translucent door.
  8934 | D:9      | Noticed a green ugly thing
  8935 | D:9      | Found a corrupted altar of Lugonu.
  8951 | D:9      | Reached skill level 5 in Conjurations
  8951 | D:9      | Reached skill level 5 in Hexes
  8951 | D:9      | Reached skill level 5 in Summonings
  8951 | D:9      | Reached skill level 5 in Necromancy
  8951 | D:9      | Reached skill level 5 in Translocations
  8951 | D:9      | Reached skill level 5 in Fire Magic
  8951 | D:9      | Reached skill level 5 in Ice Magic
  8951 | D:9      | Reached skill level 5 in Air Magic
  8951 | D:9      | Reached skill level 5 in Earth Magic
  8951 | D:9      | Reached skill level 5 in Poison Magic
  8954 | D:9      | Reached XP level 11. HP: 52/82 MP: 20/22
  9080 | D:9      | Found Ruxzoh's Assorted Antiques.
  9089 | D:9      | Bought a scroll of identify for 60 gold pieces
  9650 | D:9      | Learned a level 4 spell: Airstrike
 10146 | D:10     | Found a staircase to the Orcish Mines.
 10208 | D:10     | Reached ***** piety under Lugonu
 10889 | D:10     | Learned a level 4 spell: Summon Lightning Spire
 11020 | D:11     | Noticed a sun demon
 11517 | D:11     | Found a staircase to the Lair.
 11519 | D:11     | Noticed Harold
 11529 | D:11     | Killed Harold
 11830 | D:11     | Noticed Josephine
 11858 | D:11     | Killed Josephine
 12377 | D:12     | Noticed a two-headed ogre
 12392 | D:12     | Killed a two-headed ogre
 12393 | D:12     | Reached XP level 12. HP: 52/92 MP: 22/24
 12643 | D:12     | Noticed a boulder beetle
 12660 | D:12     | Killed a boulder beetle
 13383 | D:12     | Noticed a two-headed ogre
 13394 | D:12     | Killed a two-headed ogre
 13395 | D:12     | Reached skill level 10 in Unarmed Combat
 13591 | D:12     | Noticed Sonja
 13597 | D:12     | Killed Sonja
 13856 | Lair:1   | Entered Level 1 of the Lair of Beasts
 13856 | Lair:1   | You fall into a shaft and drop 1 floor!
 13873 | Lair:1   | Noticed a catoblepas
 14054 | Lair:1   | Learned a level 4 spell: Ice Form
 14059 | Lair:1   | Learned a level 4 spell: Flame Wave
 14362 | Lair:1   | Mangled by a komodo dragon

Illustrated notes

Levels and vault maps discovered:
D:1:      minmay_arrival_wavy_path, layout_basic, shapermc_ecumenical_altar_venn
D:2:      layout_rooms
D:3:      layout_rooms, lemuel_crystal_altar, demons_altar,
          uniq_crazy_yiuf_cottage
D:4:      nicolae_BIG_FREAKIN_CUBE, layout_gridville,
          mainiacjoe_overflow_catwalk_spiral, grunt_ministairs_13,
          minmay_fractal_squares_diagonal_5, uniq_sigmund
D:5:      layout_basic, minmay_misc_feat_iff, serial_bayou_ford_a,
          nicolae_shop_gadgets, uniq_pikel
D:6:      layout_loops_ring, mainiacjoe_overflow_alcove_1,
          mainiacjoe_overflow_catwalk, elyvilon_altar_3,
          minmay_temple_entry_slanted, minmay_pentangle, uniq_duvessa,
          uniq_blork_the_orc, uniq_edmund
D:7:      layout_loops_corners, hex_medium, uniq_maggie, uniq_menkaure
D:8:      layout_basic, eino_tiny_chamber, uniq_joseph
D:9:      due_chaos_kobolds, layout_basic, marbit_many_paths,
          overflow_temple_1_default, serial_shops, nicolae_stop_n_shop_2,
          nicolae_shop_behind_doors, nicolae_shop_stone, shop, shop,
          hangedman_decor_peaks_small, minmay_increasing_density
D:10:     wad_cavern_with_rooms, layout_irregular_city,
          nicolae_overflow_hidden_temple
D:11:     layout_basic, lair_entry_dummy, uniq_josephine, uniq_harold
D:12:     layout_roguey, uniq_sonja
Lair:1:   layout_small_grid, serial_bayou_pond_b, infiniplex_staircase_pool,
          serial_bayou_shore_a, grunt_megastairs_3
Lair:2:   layout_hall_layers, hellmonk_spider_entry_not_the_bees,
          nicolae_volcano_entry_lava_flow, lemuel_fruit_tree

Skill      XL: |  1  2  3  4  5  6  7  8  9 10 11 12 |
---------------+-------------------------------------+-----
Spellcasting   | 5 6 7 8 9 |  9.2
Invocations    | 1 2 3 4 5 6 7 8 |  8.4
Short Blades   | 1 2 3 5 6 7 |  7.7
Long Blades    | 1 2 3 5 6 7 |  7.7
Axes           | 1 2 3 5 6 7 |  7.7
Maces & Flails | 1 2 3 5 6 7 |  7.7
Polearms       | 1 2 3 5 6 7 |  7.7
Staves         | 1 2 3 5 6 7 |  7.7
Ranged Weapons | 1 2 3 5 6 7 |  7.7
Throwing       | 1 2 3 5 6 7 |  7.7
Armour         | 1 2 3 5 6 7 |  7.7
Stealth        | 1 2 3 5 6 7 |  7.7
Shields        | 1 2 3 5 6 7 |  7.7
Evocations     | 1 2 3 5 6 7 |  7.7
Conjurations   | 1 2 3 4 5 6 |  6.3
Hexes          | 1 2 3 4 5 6 |  6.3
Summonings     | 1 2 3 4 5 6 |  6.3
Necromancy     | 1 2 3 4 5 6 |  6.3
Translocations | 1 2 3 4 5 6 |  6.3
Fire Magic     | 1 2 3 4 5 6 |  6.3
Ice Magic      | 1 2 3 4 5 6 |  6.3
Air Magic      | 1 2 3 4 5 6 |  6.3
Earth Magic    | 1 2 3 4 5 6 |  6.3
Poison Magic   | 1 2 3 4 5 6 |  6.3
Fighting       | 3 4 5 6 7 8 |  8.1
Transmutations | 4 5 6 7 |  7.5
Dodging        | 5 6 7 8 9 |  9.0
Unarmed Combat | 7 8 9 10 | 10.1

Action                   |  1- 3 |  4- 6 |  7- 9 | 10-12 || total
-------------------------+-------+-------+-------+-------++-------
Melee: Unarmed           |    21 |    80 |   217 |   479 ||   797
       Kick              |    13 |     4 |       |       ||    17
       Headbutt          |    12 |     2 |       |       ||    14
       Bite              |     5 |       |       |       ||     5
       Spear             |    76 |    21 |       |       ||    97
       Punch             |     3 |       |       |       ||     3
       Mace              |       |       |     2 |    10 ||    12
 Cast: Beastly Appendage |    26 |     8 |       |       ||    34
       Spider Form       |       |    11 |    40 |    65 ||   116
       Wereblood         |       |       |     2 |     6 ||     8
       Summon Lightning  |       |       |       |    23 ||    23
Invok: Banish            |       |       |       |     1 ||     1
  Use: Scroll            |       |     5 |     3 |    14 ||    22
       Potion            |       |       |     1 |     3 ||     4
 Stab: Sleeping          |     1 |     1 |     4 |     5 ||    11
Armor: Robe              |    12 |     1 |     1 |     1 ||    15
       Skin              |       |       |     4 |    12 ||    16
Dodge: Dodged            |    58 |    58 |   116 |   348 ||   580
Block: Other             |     5 |    13 |    32 |    88 ||   138
       Reflection        |       |     1 |     1 |     4 ||     6

Table legend: (Time is in decaauts)
 A = Elapsed time spent in this place.
 B = Non-inter-level travel time spent in this place.
 C = Inter-level travel time spent in this place.
 D = Time resting spent in this place.
 E = Time spent auto-exploring this place.
 F = Levels seen in this place.
 G = Mean time per level.
                   A        B        C        D        E       F      G
               +--------+--------+--------+--------+--------+-----+--------+
         Total |  14281 |  13701 |    580 |   3223 |   8023 |  14 | 1020.1 |
       Dungeon |  13781 |  13201 |    580 |   2900 |   8020 |  12 | 1148.4 |
          Lair |    500 |    500 |      0 |    323 |      3 |   2 |  250.0 |
               +--------+--------+--------+--------+--------+-----+--------+

Top non-repeatable levels by time:
     D:9: 1806 daAuts
     D:6: 1647 daAuts
    D:11: 1481 daAuts
    D:12: 1446 daAuts
     D:7: 1306 daAuts
    D:10: 1237 daAuts
     D:4: 1119 daAuts
     D:1: 1107 daAuts
     D:5: 978 daAuts
     D:3: 904 daAuts
     D:2: 619 daAuts
  Lair:1: 488 daAuts
     D:8: 127 daAuts
  Lair:2: 11 daAuts
